Map: Kairos Junction LE

Players

Geralt (Gerald)

  • Race: Protoss Protoss
  • League: Grandmaster
  • Spawn Location: 5:00

Lambo - Winner!

  • Race: Zerg Zerg
  • League: Grandmaster
  • Spawn Location: 11:00

VOD

Have the link to the VOD?

Description

Time

  • Played on: Dec. 27, 2018, 2:26 p.m.
  • Length: 12:59
Show
View Real Time Build Order
Export as new Build Order

Geralt Protoss 

Build Orders: 1 Gate Expand 

Get SALT Encoding   

  12  0:00  Probe  
  13  0:12  Probe  
  14  0:19  Pylon  
  14  0:25  Probe  
  15  0:30  Assimilator  
  15  0:34  Probe  
  15  0:42  Probe  
  16  0:49  Gateway  
  17  0:51  Probe  
  18  1:03  Probe  
  19  1:05  Pylon  
  19  1:15  Probe  
  20  1:29  Nexus  
  20  1:33  Probe  
  21  1:42  Cybernetics Core  
  21  1:45  Probe  
  22  1:53  Assimilator  
  22  1:58  Probe, Pylon  
  23  2:09  Adept  
  23  2:16  Probe  
  26  2:23  Twilight Council  
  26  2:28  Adept, Probe  
  27  2:32  Warp Gate  
  29  2:40  Probe  
  29  2:41  Probe  
  31  2:47  Shield Battery  
  31  2:52  Probe  
  31  2:53  Probe, Adept  
  35  3:04  Resonating Glaives  
  35  3:05  Probe x2  
  37  3:10  Shield Battery  
  37  3:13  Stalker  
  37  3:17  Probe x2  
  39  3:23  Pylon  
  41  3:29  Probe x2  
  41  3:32  Pylon  
  43  3:39  Assimilator  
  43  3:41  Probe x2  
  43  3:53  Probe  
  43  3:54  Gateway  
  43  3:55  Probe, Shield Battery  
  43  4:01  Gateway  
  43  4:03  Gateway  
  43  4:05  Adept  
  45  4:12  Probe  
  45  4:14  Probe, Assimilator  
  47  4:21  Stargate  
  47  4:24  Probe  
  47  4:25  Stargate  
  47  4:26  Probe  
  47  4:30  Pylon  
  49  4:36  Probe  
  49  4:38  Probe  
  51  4:48  Probe  
  51  4:49  Adept x2  
  56  4:57  Nexus  
  56  5:00  Pylon  
  56  5:05  Adept x2  
  60  5:12  Oracle x2, Adept  
  60  5:13  Adept  
  63  5:21  Probe  
  64  5:25  Probe  
  64  5:28  Adept x2  
  71  5:45  Probe  
  71  5:46  Oracle x2  
  71  5:48  Probe  
  77  5:56  Adept  
  75  6:04  Pylon  
  75  6:05  Pylon  
  70  6:11  Probe  
  70  6:13  Probe  
  70  6:14  Adept x3  
  70  6:15  Probe  
  70  6:16  Oracle x2  
  78  6:23  Probe, Adept  
  78  6:25  Probe  
  88  6:27  Shield Battery  
  88  6:38  Probe x2  
  90  6:40  Stargate  
  90  6:41  Protoss Air Weapons Level 1  
  90  6:42  Probe  
  91  6:48  Adept x2  
  91  6:49  Adept x2  
  91  6:50  Probe  
  96  7:00  Phoenix x2  
  94  7:05  Probe  
  94  7:07  Assimilator  
  91  7:09  Probe, Assimilator  
  88  7:18  Adept  
  88  7:19  Adept x3, Probe  
  95  7:27  Phoenix x2  
  95  7:37  Probe x2  
  95  7:42  Phoenix  
  99  7:50  Zealot x3  
  99  7:51  Zealot  
  107  7:52  Phoenix  
  109  8:00  Phoenix  
  109  8:03  Charge  
  107  8:07  Phoenix  
  105  8:19  Zealot x4  
  106  8:22  Phoenix  
  106  8:25  Phoenix  
  105  8:32  Probe, Phoenix  
  104  8:40  Probe  
  103  8:43  Gateway, Zealot x3  
  108  8:49  Phoenix  
  109  8:58  Gateway  
  109  9:00  Pylon  
  109  9:10  Pylon  
  109  9:13  Pylon  
  109  9:18  Probe x2, Phoenix x3  
  109  9:22  Templar Archives  
  117  9:28  Probe  
  118  9:40  Probe  
  118  9:43  Phoenix x2  
  123  9:51  Probe  
  123  9:52  Zealot x5  
  132  9:56  Forge, Pylon  
  132  9:58  Pylon  
  132  10:06  Psionic Storm  
  129  10:19  High Templar x2  
  129  10:22  High Templar x2, Zealot x2  
  129  10:25  Robotics Facility  
  129  10:27  Nexus  
  129  10:28  Protoss Ground Weapons Level 1  
  137  10:36  Fleet Beacon  
  137  10:43  Robotics Facility  
  137  10:58  High Templar x2  
  137  10:59  Zealot x4  
  137  11:03  Photon Cannon  
  149  11:04  Shield Battery  
  149  11:15  Pylon  
  149  11:18  Pylon  
  149  11:20  Pylon  
  137  11:35  Zealot x6  
  133  11:54  Immortal x2  
  133  11:57  High Templar x5  
  133  11:58  High Templar  
  151  12:04  Archon x3  
  149  12:19  Archon  
  107  12:33  Zealot x5  
  107  12:34  Zealot  
  73  12:55  Zealot x5  
Show
View Real Time Build Order
Export as new Build Order

Lambo Zerg - Winner!

Build Orders: Hatch First, Roach Hydra 

Get SALT Encoding   

  12  0:00  Drone  
  13  0:13  Overlord  
  13  0:17  Drone  
  14  0:31  Drone  
  15  0:42  Drone  
  16  0:43  Drone  
  17  0:51  Hatchery  
  17  0:56  Drone  
  17  1:00  Drone  
  18  1:10  Extractor  
  17  1:16  Spawning Pool  
  17  1:17  Drone  
  17  1:21  Drone  
  18  1:28  Drone  
  19  1:41  Drone  
  20  1:51  Overlord  
  20  2:03  Zergling x2  
  20  2:04  Queen x2  
  20  2:05  Zergling x2  
  26  2:10  Metabolic Boost  
  26  2:12  Zergling x2  
  28  2:15  Drone  
  28  2:22  Drone  
  29  2:27  Drone  
  30  2:37  Hatchery  
  30  2:40  Drone  
  30  2:47  Drone x2  
  30  2:50  Overlord  
  32  3:01  Drone  
  32  3:03  Drone  
  34  3:06  Drone  
  34  3:08  Queen  
  34  3:11  Drone  
  38  3:13  Drone  
  38  3:16  Zergling x6  
  42  3:22  Overlord  
  42  3:28  Drone x2  
  42  3:31  Spore Crawler x2  
  42  3:33  Drone  
  43  3:39  Drone  
  44  3:41  Drone  
  44  3:43  Drone  
  44  3:46  Drone x3  
  48  3:48  Drone  
  48  3:51  Drone  
  48  4:04  Drone  
  48  4:05  Roach Warren  
  48  4:06  Drone  
  48  4:09  Lair  
  49  4:10  Overlord  
  49  4:13  Overlord  
  49  4:16  Overlord  
  49  4:23  Overlord  
  49  4:26  Extractor  
  49  4:28  Drone  
  49  4:29  Drone x6  
  55  4:34  Overlord  
  55  4:36  Drone x2  
  57  4:38  Drone  
  58  4:48  Drone x2  
  58  4:49  Roach, Extractor  
  58  4:50  Roach x2  
  65  4:54  Drone  
  65  4:56  Roach x2  
  65  4:57  Extractor  
  65  4:58  Evolution Chamber  
  68  5:02  Roach x2  
  68  5:04  Drone x3  
  68  5:06  Overlord  
  75  5:09  Overlord  
  75  5:13  Overlord  
  74  5:15  Roach x2  
  74  5:20  Roach  
  77  5:22  Glial Reconstitution  
  77  5:34  Drone x7  
  81  5:43  Drone x2  
  81  5:48  Drone x3  
  84  5:54  Roach x2  
  84  5:55  Roach x2  
  87  6:06  Drone x3  
  87  6:09  Spore Crawler  
  85  6:12  Zerg Missile Weapons Level 1  
  85  6:13  Drone  
  85  6:14  Hydralisk Den  
  85  6:19  Drone x3  
  85  6:24  Extractor, Drone x3  
  85  6:25  Drone  
  91  6:27  Drone x3  
  91  6:31  Overseer  
  94  6:36  Drone x3  
  94  6:37  Drone x2  
  94  6:38  Extractor  
  97  6:56  Roach x8  
  104  7:03  Roach x3  
  99  7:15  Hydralisk x4  
  104  7:20  Muscular Augments, Drone x4  
  104  7:22  Drone  
  108  7:28  Hydralisk x2  
  112  7:37  Hydralisk  
  112  7:40  Overlord  
  108  7:44  Overlord  
  108  7:46  Overlord  
  108  7:47  Overlord  
  106  7:52  Queen  
  106  7:53  Overlord  
  106  7:58  Hydralisk x3  
  104  8:02  Hydralisk x2  
  106  8:08  Drone x5  
  111  8:13  Hydralisk x2  
  111  8:18  Hydralisk x2  
  113  8:21  Hydralisk  
  113  8:22  Hydralisk  
  115  8:31  Grooved Spines  
  115  8:32  Hydralisk x4  
  121  8:38  Hydralisk x2  
  117  8:43  Zerg Missile Weapons Level 2  
  117  8:49  Hydralisk x3  
  117  8:53  Roach x2  
  123  9:01  Roach x2  
  127  9:04  Hydralisk x2  
  127  9:06  Hatchery  
  127  9:09  Roach  
  132  9:14  Hydralisk  
  132  9:15  Roach x2, Hydralisk  
  140  9:18  Hydralisk  
  140  9:19  Overlord  
  140  9:21  Hydralisk  
  144  9:26  Spore Crawler  
  144  9:28  Hydralisk  
  143  9:39  Spore Crawler  
  143  9:40  Hydralisk x4  
  150  9:47  Overlord  
  146  9:57  Overlord x3  
  146  9:58  Overlord  
  146  10:01  Overseer  
  146  10:09  Overlord  
  146  10:16  Queen  
  146  10:17  Hydralisk x2  
  146  10:19  Overlord x2  
  152  10:23  Overlord  
  152  10:25  Overlord  
  152  10:28  Hydralisk x3  
  154  10:30  Hydralisk  
  154  10:31  Overlord  
  160  10:39  Hydralisk  
  160  10:40  Hydralisk x4  
  170  10:43  Roach x4  
  170  10:46  Hydralisk  
  180  10:50  Hydralisk x2  
  180  10:54  Hydralisk  
  180  10:55  Hydralisk  
  188  10:59  Hydralisk  
  188  11:03  Hydralisk x2  
  194  11:06  Roach  
  194  11:08  Roach  
  198  11:11  Roach  
  200  11:28  Roach  
  200  11:29  Roach  
  195  11:33  Pneumatized Carapace, Overseer  
  195  11:36  Overseer  
  193  11:40  Hydralisk x3  
  197  11:47  Hydralisk x3  
  197  11:53  Hydralisk  
  199  12:10  Hydralisk x2  
  199  12:14  Lurker Den  
  196  12:24  Hydralisk x7  
  196  12:25  Hydralisk x2  
  184  12:33  Hydralisk  
  184  12:34  Hydralisk x4  
Tags
 
Add a new tag
Caveats
  • Supply blocks, unpowered buildings, or Contaminate may cause inaccurate times.
  • Supply counts are checked every 10 seconds.